cohdb
Replays
Latest Replays
All Replays
Popular Replays
Top Player Replays
Match Explorer
How It Works
Community
CoH3 Stats
Reddit
Sign in to upload your games and track your stats! →
Sign in with Steam
Match 40930065
Unlisted
Match 40930065
Overview
Messages
Build Orders
End
Selects Airborne Battlegroup
Construct Weapon Support Center
Selects Heavy Machine Gun Paradrop
Heavy Machine Gun Paradrop
Bazooka Squad
Heavy Machine Gun Paradrop
Infantry Support Center
Heavy Machine Gun Paradrop
Selects Paratrooper Squad Paradrop
Paratrooper Squad Paradrop
Paratrooper Squad Paradrop
Construct Tank Depot
Selects Recon Loiter
M4(105) Sherman Bulldozer
Selects Supply Drop
Engineer Squad
M18 Hellcat Tank Destroyer
M18 Hellcat Tank Destroyer
Kable
Sombra
xxxDerOzelotxxx
TURBOMAN
ZeRedBaron
arbif99
MZMZ
jerjawe
0
0
Comments
sign in to comment!
No comments posted yet!